SL
NEW AMSTERDAM DUTCHMEN @ FT. WORTH CATTLEMEN
09/06/2030
 
TOP OF THE 1ST
New Amsterdam Dutchmen batting - Pitching for Ft. Worth Cattlemen : RHP Mack MacDonald
Pitching: RHP Mack MacDonald
Batting: RHB Jon Osterman 0-0: SINGLE (Groundball, 56D)
Batting: RHB Enrique Morales 0-0: Ball
Throwing error on steal attempt, E2
Jon Osterman to third
1-0: 2-RUN HOME RUN (Flyball, 7LD), Distance : 354 ft
Batting: LHB SaQwan Hackett 0-0: Ball
1-0: Ball
2-0: Called Strike
2-1: Ball
3-1: Fly out, F5 (Line Drive, 5)
Batting: LHB Jorge Vargas 0-0: Foul Ball, location: 2F
0-1: Ball
1-1: Ball
2-1: Swinging Strike
2-2: Strikes out swinging
Batting: LHB Cornelius Taitt 0-0: Foul Ball, location: 2F
0-1: Swinging Strike
0-2: Ball
1-2: Ground out U3 (Groundball, 3)
Top of the 1st over - 2 runs, 2 hits, 1 error, 0 left on base; New Amsterdam 2 - Ft. Worth 0
BOTTOM OF THE 1ST
Ft. Worth Cattlemen batting - Pitching for New Amsterdam Dutchmen : LHP Rusty Swanson
Pitching: LHP Rusty Swanson
Batting: LHB Chris Etheridge 0-0: Called Strike
0-1: Foul Ball, location: 2F
0-2: Strikes out swinging
Batting: LHB Rick Mayfield 0-0: Called Strike
0-1: Ball
1-1: SINGLE (Flyball, 7S)
Batting: RHB Bart Lewis 0-0: Ball
1-0: Called Strike
1-1: Ball
2-1: Foul Ball, location: 2F
2-2: Fly out, F9 (Flyball, 9D)
Batting: RHB Tim Burney 0-0: Called Strike
0-1: Foul Ball, location: 2F
0-2: Foul Ball, location: 2F
0-2: Ball
1-2: Foul Ball, location: 2F
1-2: Ball
2-2: Hit by Pitch
Rick Mayfield to second
Batting: RHB Lloyd Alberink 0-0: Ball
1-0: Called Strike
1-1: Called Strike
1-2: Ball
2-2: Ball
3-2: Foul Ball, location: 2F
3-2: Ground out 4-3 (Groundball, 4)
Bottom of the 1st over - 0 runs, 1 hit, 0 errors, 2 left on base; New Amsterdam 2 - Ft. Worth 0
TOP OF THE 2ND
New Amsterdam Dutchmen batting - Pitching for Ft. Worth Cattlemen : RHP Mack MacDonald
Batting: RHB John Burton 0-0: Called Strike
0-1: Ball
1-1: SINGLE (Line Drive, 56)
Batting: RHB Pablo Ledesma 0-0: Ball
1-0: Called Strike
1-1: Ball
2-1: Ball
3-1: SINGLE (Groundball, 34D)
John Burton to second
Runner from 2nd tries for 3rd, SAFE, throw made to third
Batting: RHB David Pérez 0-0: Ball
1-0: Ball
2-0: Ground out U3 (Groundball, 3S)
John Burton scores
Pablo Ledesma to second
Batting: RHB Mario Rivera 0-0: Ball
1-0: Ball
2-0: Called Strike
2-1: Ball
3-1: Called Strike
3-2: Base on Balls
Batting: RHB Jon Osterman 0-0: Called Strike
0-1: Called Strike
0-2: SINGLE (Groundball, 15) (infield hit)
Pablo Ledesma to third
Mario Rivera to second
Batting: RHB Enrique Morales 0-0: Called Strike
0-1: Ball
1-1: Fly out, F7 (Flyball, 78S)
Batting: LHB SaQwan Hackett 0-0: Ball
1-0: Foul Ball, location: 2F
1-1: Ball
2-1: Foul Ball, location: 2F
2-2: Strikes out looking
Top of the 2nd over - 1 run, 3 hits, 0 errors, 3 left on base; New Amsterdam 3 - Ft. Worth 0
BOTTOM OF THE 2ND
Ft. Worth Cattlemen batting - Pitching for New Amsterdam Dutchmen : LHP Rusty Swanson
Batting: SHB Marcos Roa 0-0: Called Strike
0-1: Ball
1-1: Foul Ball, location: 2F
1-2: Foul Ball, location: 2F
1-2: Ball
2-2: Ground out U3 (Groundball, 34)
Batting: RHB Alan Elder 0-0: Ground out 5-3 (Groundball, 56)
Batting: LHB Nobuo Yamashita 0-0: Fly out, F8 (Line Drive, 8LM)
Bottom of the 2nd over - 0 runs, 0 hits, 0 errors, 0 left on base; New Amsterdam 3 - Ft. Worth 0
TOP OF THE 3RD
New Amsterdam Dutchmen batting - Pitching for Ft. Worth Cattlemen : RHP Mack MacDonald
Batting: LHB Jorge Vargas 0-0: Foul Ball, location: 2F
0-1: Foul Ball, location: 2F
0-2: Ball
1-2: Ball
2-2: Strikes out swinging
Batting: LHB Cornelius Taitt 0-0: Swinging Strike
0-1: Ball
1-1: Called Strike
1-2: Ground out 6-3 (Groundball, 6)
Batting: RHB John Burton 0-0: Fly out, F7 (Flyball, 7S)
Top of the 3rd over - 0 runs, 0 hits, 0 errors, 0 left on base; New Amsterdam 3 - Ft. Worth 0
BOTTOM OF THE 3RD
Ft. Worth Cattlemen batting - Pitching for New Amsterdam Dutchmen : LHP Rusty Swanson
Batting: RHB Orlando Montoya 0-0: Ball
1-0: Swinging Strike
1-1: Foul Ball, location: 2F
1-2: Strikes out swinging
Batting: LHB Chris Etheridge 0-0: Foul Ball, location: 2F
0-1: Swinging Strike
0-2: Ball
1-2: Ground out 1-3 (Groundball, 13S)
Batting: LHB Rick Mayfield 0-0: Ball
1-0: Called Strike
1-1: Ground out 5-3 (Groundball, 56)
Bottom of the 3rd over - 0 runs, 0 hits, 0 errors, 0 left on base; New Amsterdam 3 - Ft. Worth 0
TOP OF THE 4TH
New Amsterdam Dutchmen batting - Pitching for Ft. Worth Cattlemen : RHP Mack MacDonald
Batting: RHB Pablo Ledesma 0-0: Ball
1-0: Ball
2-0: Called Strike
2-1: Called Strike
2-2: Ball
3-2: Strikes out swinging
Batting: RHB David Pérez 0-0: Called Strike
0-1: Ball
1-1: Ball
2-1: Ground out 5-3 (Groundball, 56)
Batting: RHB Mario Rivera 0-0: Called Strike
0-1: Ball
1-1: Ball
2-1: Foul Ball, location: 2F
2-2: Ball
3-2: Strikes out swinging
Top of the 4th over - 0 runs, 0 hits, 0 errors, 0 left on base; New Amsterdam 3 - Ft. Worth 0
BOTTOM OF THE 4TH
Ft. Worth Cattlemen batting - Pitching for New Amsterdam Dutchmen : LHP Rusty Swanson
Batting: RHB Bart Lewis 0-0: Swinging Strike
0-1: Ball
1-1: Ball
2-1: Foul Ball, location: 2F
2-2: Ball
3-2: Base on Balls
Batting: RHB Tim Burney 0-0: Foul Ball, location: 2F
0-1: Swinging Strike
0-2: Foul Ball, location: 2F
0-2: Fly out, F7 (Flyball, 7D)
Batting: RHB Lloyd Alberink 0-0: Ball
1-0: Called Strike
1-1: Fly out, F8 (Flyball, 8LM)
Batting: SHB Marcos Roa 0-0: 2-RUN HOME RUN (Flyball, 7LD), Distance : 370 ft
Batting: RHB Alan Elder 0-0: Ball
1-0: Fly out, F8 (Flyball, 8LS)
Bottom of the 4th over - 2 runs, 1 hit, 0 errors, 0 left on base; New Amsterdam 3 - Ft. Worth 2
TOP OF THE 5TH
New Amsterdam Dutchmen batting - Pitching for Ft. Worth Cattlemen : RHP Mack MacDonald
Batting: RHB Jon Osterman 0-0: Foul Ball, location: 2F
0-1: Ball
1-1: Ball
2-1: Called Strike
2-2: DOUBLE (Flyball, 8LXD)
Batting: RHB Enrique Morales 0-0: Ball
1-0: Called Strike
1-1: Ball
2-1: Ball
3-1: Base on Balls
Batting: LHB SaQwan Hackett 0-0: Ball
1-0: SINGLE (Groundball, 4D)
Jon Osterman to third
Enrique Morales to second
Batting: LHB Jorge Vargas 0-0: Grounds into double play, 4-6-3 (Groundball, 4)
Jon Osterman scores
Enrique Morales to third
Batting: LHB Cornelius Taitt 0-0: Ball
1-0: Foul Ball, location: 2F
1-1: Ball
2-1: Foul Ball, location: 2F
2-2: Strikes out looking
Top of the 5th over - 1 run, 2 hits, 0 errors, 1 left on base; New Amsterdam 4 - Ft. Worth 2
BOTTOM OF THE 5TH
Ft. Worth Cattlemen batting - Pitching for New Amsterdam Dutchmen : LHP Rusty Swanson
Batting: LHB Nobuo Yamashita 0-0: Fly out, F4 (Line Drive, 4)
Batting: RHB Orlando Montoya 0-0: Called Strike
0-1: Ball
1-1: Fly out, F8 (Flyball, 89XD)
Batting: LHB Chris Etheridge 0-0: Ball
1-0: Foul Ball, location: 2F
1-1: Ground out 4-3 (Groundball, 4)
Bottom of the 5th over - 0 runs, 0 hits, 0 errors, 0 left on base; New Amsterdam 4 - Ft. Worth 2
TOP OF THE 6TH
New Amsterdam Dutchmen batting - Pitching for Ft. Worth Cattlemen : RHP Mack MacDonald
Batting: RHB John Burton 0-0: Ball
1-0: Ball
2-0: Ground out U3 (Groundball, 3)
Pitching: RHP Roberto Cavazos
Batting: RHB Pablo Ledesma 0-0: Foul Ball, location: 2F
0-1: Foul Ball, location: 2F
0-2: Ball
1-2: SINGLE (Line Drive, 34D)
Batting: RHB David Pérez 0-0: Ball
1-0: Foul Ball, location: 2F
1-1: Ball
2-1: Foul Ball, location: 2F
2-2: Foul Ball, location: 2F
2-2: Strikes out swinging
Batting: RHB Mario Rivera 0-0: Called Strike
0-1: SINGLE (Line Drive, 7S)
Pablo Ledesma to second
Batting: RHB Jon Osterman 0-0: Foul Ball, location: 2F
0-1: Ball
1-1: Foul Ball, location: 2F
1-2: Strikes out swinging
Top of the 6th over - 0 runs, 2 hits, 0 errors, 2 left on base; New Amsterdam 4 - Ft. Worth 2
BOTTOM OF THE 6TH
Ft. Worth Cattlemen batting - Pitching for New Amsterdam Dutchmen : LHP Rusty Swanson
Batting: LHB Rick Mayfield 0-0: Foul Ball, location: 2F
0-1: Fly out, F8 (Flyball, 8RM)
Batting: RHB Bart Lewis 0-0: Ball
1-0: Foul Ball, location: 2F
1-1: Foul Ball, location: 2F
1-2: SINGLE (Line Drive, 8LS)
Batting: RHB Tim Burney Pickoff Throw to First - Out!
0-0: Called Strike
0-1: Ball
1-1: Ball
2-1: DOUBLE (Line Drive, 78D)
Batting: RHB Lloyd Alberink 0-0: Ball
1-0: Called Strike
1-1: Ball
2-1: SINGLE (Line Drive, 34)
Tim Burney to third
Batting: SHB Marcos Roa 0-0: Foul Ball, location: 2F
0-1: Foul Ball, location: 2F
0-2: Ball
1-2: Fielders Choice at 2nd, 5-4 (Groundball, 56)
Bottom of the 6th over - 0 runs, 3 hits, 0 errors, 2 left on base; New Amsterdam 4 - Ft. Worth 2
TOP OF THE 7TH
New Amsterdam Dutchmen batting - Pitching for Ft. Worth Cattlemen : RHP Roberto Cavazos
Batting: RHB Enrique Morales 0-0: Foul Ball, location: 2F
0-1: Ball
1-1: Ball
2-1: Ball
3-1: Base on Balls
Batting: LHB SaQwan Hackett 0-0: Ball
1-0: Called Strike
1-1: Ball
2-1: Ball
3-1: SINGLE (Groundball, 34D)
Enrique Morales to second
Runner from 2nd tries for 3rd, SAFE, no throw
Pinch Runner at 3rd Hank Wilder:
Batting: LHB Jorge Vargas 0-0: SINGLE (Line Drive, 78S)
Hank Wilder scores
SaQwan Hackett to second
Batting: LHB Cornelius Taitt 0-0: Called Strike
0-1: Ball
1-1: Called Strike
1-2: Ball
2-2: SINGLE (Flyball, 7S)
SaQwan Hackett to third
Jorge Vargas to second
Batting: RHB John Burton 0-0: Foul Ball, location: 2F
0-1: Grounds into fielders choice 3-2 (Groundball, 34S)
Jorge Vargas to third
Cornelius Taitt to second
Batting: RHB Pablo Ledesma 0-0: Ball
1-0: Ball
2-0: Ball
3-0: Called Strike
3-1: Foul Ball, location: 2F
3-2: Foul Ball, location: 2F
3-2: Foul Ball, location: 2F
3-2: SINGLE (Groundball, 34D)
Jorge Vargas scores
Cornelius Taitt to third
John Burton to second
Batting: RHB David Pérez 0-0: Called Strike
0-1: Foul Ball, location: 2F
0-2: Ball
1-2: Fly out, F8 (Flyball, 8RS)
Runner from 3rd tags up, OUT at HOME
Top of the 7th over - 2 runs, 4 hits, 0 errors, 2 left on base; New Amsterdam 6 - Ft. Worth 2
BOTTOM OF THE 7TH
Ft. Worth Cattlemen batting - Pitching for New Amsterdam Dutchmen : LHP Rusty Swanson
Now at 2B: Hank Wilder
Batting: RHB Alan Elder 0-0: Called Strike
0-1: Ball
1-1: Foul Ball, location: 2F
1-2: Ground out 5-3 (Groundball, 56)
Batting: LHB Nobuo Yamashita 0-0: Ball
1-0: Foul Ball, location: 2F
1-1: Called Strike
1-2: SINGLE (Groundball, 34D)
Batting: RHB Orlando Montoya 0-0: Called Strike
0-1: Swinging Strike
0-2: Foul Ball, location: 2F
0-2: Foul Ball, location: 2F
0-2: Foul Ball, location: 2F
0-2: Ball
1-2: Strikes out swinging
Nobuo Yamashita steals 2nd base
Batter strikes out.
Batting: LHB Chris Etheridge 0-0: Called Strike
0-1: Ball
1-1: Foul Ball, location: 2F
1-2: Foul Ball, location: 2F
1-2: Strikes out swinging
Bottom of the 7th over - 0 runs, 1 hit, 0 errors, 1 left on base; New Amsterdam 6 - Ft. Worth 2
TOP OF THE 8TH
New Amsterdam Dutchmen batting - Pitching for Ft. Worth Cattlemen : RHP Roberto Cavazos
Pitching: RHP Pedro Figueroa
Batting: RHB Mario Rivera 0-0: Ball
1-0: Fly out, F8 (Flyball, 78D)
Batting: RHB Jon Osterman 0-0: Ground out 6-3 (Groundball, 6MS)
Batting: RHB Hank Wilder 0-0: Ball
1-0: Foul Ball, location: 2F
1-1: Ball
2-1: Called Strike
2-2: Fly out, F9 (Line Drive, 9LM)
Top of the 8th over - 0 runs, 0 hits, 0 errors, 0 left on base; New Amsterdam 6 - Ft. Worth 2
BOTTOM OF THE 8TH
Ft. Worth Cattlemen batting - Pitching for New Amsterdam Dutchmen : LHP Rusty Swanson
Batting: LHB Rick Mayfield 0-0: Called Strike
0-1: Ball
1-1: Ground out U3 (Groundball, 3L)
Batting: RHB Bart Lewis 0-0: Foul Ball, location: 2F
0-1: Swinging Strike
0-2: Strikes out swinging
Batting: RHB Tim Burney 0-0: Ball
1-0: Ball
2-0: Ground out 6-3 (Groundball, 6)
Bottom of the 8th over - 0 runs, 0 hits, 0 errors, 0 left on base; New Amsterdam 6 - Ft. Worth 2
TOP OF THE 9TH
New Amsterdam Dutchmen batting - Pitching for Ft. Worth Cattlemen : RHP Pedro Figueroa
Batting: LHB SaQwan Hackett 0-0: Ball
1-0: Ball
2-0: Foul Ball, location: 2F
2-1: SINGLE (Line Drive, 4D)
Batting: LHB Jorge Vargas 0-0: Foul Ball, location: 2F
0-1: Ball
1-1: Ball
2-1: Called Strike
2-2: Ball
3-2: Foul Ball, location: 2F
3-2: SINGLE (Line Drive, 9S)
SaQwan Hackett to second
Batting: LHB Cornelius Taitt 0-0: Foul Ball, location: 2F
0-1: Ball
1-1: Ball
2-1: Ball
3-1: Foul Ball, location: 2F
3-2: Base on Balls
SaQwan Hackett to third
Jorge Vargas to second
Batting: RHB John Burton 0-0: SINGLE (Groundball, 6MD)
SaQwan Hackett scores
Jorge Vargas to third
Cornelius Taitt to second
Batting: RHB Pablo Ledesma 0-0: Ball
1-0: Ball
2-0: Called Strike
2-1: Fly out, F5 (Line Drive, 56)
Batting: RHB David Pérez 0-0: Foul Ball, location: 2F
0-1: Ball
1-1: Called Strike
1-2: Hit by Pitch
Jorge Vargas scores
Cornelius Taitt to third
John Burton to second
Batting: RHB Mario Rivera 0-0: Ball
1-0: Ball
2-0: SINGLE (Groundball, 3S) (infield hit)
Cornelius Taitt scores
John Burton to third
David Pérez to second
Batting: RHB Jon Osterman 0-0: Foul Ball, location: 2F
0-1: Ball
1-1: Ball
2-1: Ball
3-1: Foul Ball, location: 2F
3-2: Grounds into double play, 5-4-3 (Groundball, 56)
Top of the 9th over - 3 runs, 4 hits, 0 errors, 2 left on base; New Amsterdam 9 - Ft. Worth 2
BOTTOM OF THE 9TH
Ft. Worth Cattlemen batting - Pitching for New Amsterdam Dutchmen : LHP Rusty Swanson
Batting: RHB Lloyd Alberink 0-0: Ball
1-0: Ground out 6-3 (Groundball, 6)
Batting: SHB Marcos Roa 0-0: Called Strike
0-1: SOLO HOME RUN (Flyball, 7D), Distance : 373 ft
Pitching: LHP Frenk Norman
Batting: RHB Alan Elder 0-0: Called Strike
0-1: Ball
1-1: SINGLE (Flyball, 78S)
Batting: LHB Nobuo Yamashita 0-0: Called Strike
0-1: Ground out 4-3 (Groundball, 4S)
Alan Elder to second
Batting: RHB Orlando Montoya 0-0: Foul Ball, location: 2F
0-1: Foul Ball, location: 2F
0-2: Ball
1-2: Ball
2-2: Foul Ball, location: 2F
2-2: Foul Ball, location: 2F
2-2: SINGLE (Line Drive, 6D)
Alan Elder to third
Batting: LHB Chris Etheridge 0-0: Called Strike
0-1: Ball
1-1: Foul Ball, location: 2F
1-2: Strikes out swinging
Bottom of the 9th over - 1 run, 3 hits, 0 errors, 2 left on base; New Amsterdam 9 - Ft. Worth 3
Sunday, March 18th, 2018 - OOTP Baseball 18.8 Build 76